 Dungeon Crawl Stone Soup version 0.31.0-32-g396128a36d (webtiles) character file.

Game seed: 12086121984309040370

4395 PaiMei the Scholar of Death (level 10, -29/63 HPs)
             Began as a Demonspawn Necromancer on Apr 18, 2024.
             Was a Follower of Kikubaaqudgha.
             Annihilated by a white very ugly thing (44 damage)
             ... summoned by a worldbinder
             ... on level 1 of the Abyss.
             The game lasted 00:13:57 (9657 turns).

PaiMei the Scholar of Death (DsNe)                  Turns: 9657, Time: 00:13:58

Health: -29/63     AC:  6    Str: 10    XL:     10   Next: 13%
Magic:  29/29      EV: 12    Int: 19    God:    Kikubaaqudgha [*.....]
Gold:   438        SH:  0    Dex: 13    Spells: 15/23 levels left

rFire   . . .        C - +7 staff of the Meek {protect, meekguard}
rCold   . . .        (shield currently unavailable)
rNeg    . . .        y - +0 ring mail "Yhokkoor" {+Inv}
rPois   .            (helmet restricted)
rElec   .            I - +0 cloak
rCorr   .            (no gloves)
SInv    .            (no boots)
Will    .....        (no amulet)
Stlth   +            u - ring of magical power
HPRegen 0.30/turn    K - ring of wizardry
MPRegen 0.21/turn

%: wizardry (x1)
@: no status effects
A: antennae 1, demonic guardian 1, powered by death 2, [frail 2]
a: Renounce Religion, Evoke Invisibility, Unearth Wretches


You were on level 1 of the Abyss.
You worshipped Kikubaaqudgha.
Kikubaaqudgha was aware of your devotion.
You visited 2 branches of the dungeon, and saw 9 of its levels.
You visited the Abyss 1 time.
You also visited: Sewer.

You collected 438 gold pieces.

Inventory:

Hand Weapons
 g - a +1 short sword of protection
 j - a +2 dagger of speed
 n - the +3 hammer of Wavoxe {chaos, *Slow rElec rF+ rC+ Str+3}
   (You took it off an orc on level 3 of the Dungeon)

   Str+3:     It affects your strength (+3).
   rF+:       It protects you from fire.
   rC+:       It protects you from cold.
   rElec:     It insulates you from electricity.
   *Slow:     It may slow you when you take damage.
 C - the +7 staff of the Meek (weapon) {protect, meekguard}
   (You found it on level 6 of the Dungeon)
 H - a +1 scimitar of flaming
Missiles
 h - 4 curare-tipped darts (quivered)
 v - 4 poisoned darts
Armour
 y - the +0 ring mail "Yhokkoor" (worn) {+Inv}
   (You found it on level 5 of the Dungeon)

   +Inv:      It lets you turn invisible.
 E - a +0 scale mail of poison resistance
 I - a +0 cloak (worn)
Jewellery
 u - a ring of magical power (left hand)
 K - a ring of wizardry (right hand)
Wands
 p - a wand of iceblast (6)
 J - a wand of flame (15)
Scrolls
 a - a scroll of poison {unknown}
 c - 2 scrolls of fear {unknown}
 d - a scroll of enchant armour {unknown}
 e - 3 scrolls of vulnerability {unknown}
 k - 3 scrolls of revelation {unknown}
 l - 3 scrolls of identify {unknown}
 o - 3 scrolls of noise {unknown}
 q - a scroll of brand weapon {unknown}
 s - 3 scrolls of teleportation {unknown}
 t - 2 scrolls of blinking {unknown}
 B - 4 scrolls of torment {unknown}
 D - a scroll of immolation {unknown}
Potions
 b - a potion of magic
 f - a potion of attraction {unknown}
 i - 2 potions of heal wounds {unknown}
 m - 3 potions of degeneration {unknown}
 r - 5 potions of curing {unknown}
 w - a potion of mutation {unknown}
 x - a potion of cancellation {unknown}
 z - a potion of ambrosia {unknown}
 A - 2 potions of haste {unknown}
 F - a potion of enlightenment {unknown}
 G - a potion of might {unknown}


   Skills:
 + Level 7.2 Fighting
 + Level 7.0 Dodging
 - Level 2.0 Stealth
 + Level 7.0 Spellcasting
 + Level 9.3 Necromancy


You had 15 spell levels left.
You knew the following spells:

 Your Spells              Type           Power      Damage    Failure   Level
a - Necrotise             Necr           100%       1d9       1%          1
b - Vampiric Draining     Necr           42%        2d9       1%          3
c - Animate Dead          Necr           42%        N/A       2%          4

Your spell library contained the following spells:

 Spells                   Type           Power      Damage    Failure   Level
 Kiss of Death            Conj/Necr      96%        2d12      1%          1
 Fugue of the Fallen      Necr           42%        N/A       1%          3
 Cigotuvi's Dreadful Rot  Necr/Alch/Air  36%        N/A       4%          2
 Curse of Agony           Necr           42%        N/A       6%          5
 Slow                     Hex            24%        N/A       11%         1
 Mercury Vapours          Alch/Air       12%        N/A       16%         2
 Confusing Touch          Hex            6%         N/A       30%         3
 Mephitic Cloud           Conj/Alch/Air  6%         N/A       30%         3
 Ozocubu's Armour         Ice            6%         N/A       30%         3
 Sigil of Binding         Hex            6%         N/A       30%         3
 Manifold Assault         Tloc           6%         N/A       67%         4
 Freezing Cloud           Conj/Ice/Air   3%         6-21      94%         5


Dungeon Overview and Level Annotations

Branches:
Dungeon (8/15)             Temple (1/1) D:4           Sewer (visited)
   Lair: D:8-11

Altars:
Ashenzari
Fedhas
Gozag
Kikubaaqudgha
Nemelex Xobeh
Okawaru
Sif Muna
Trog
Vehumet
Wu Jian
Xom
Yredelemnul

Shops:
D:3 :

Annotations:
D:3 1 runed translucent door, Crazy Yiuf, Grinder
D:7 Menkaure
D:8 Joseph, Psyche


Innate Abilities, Weirdness & Mutations

You have a pair of small antennae on your head.
A weak demonic guardian rushes to your aid.
You regenerate health from kills.
[You are very frail. (-20% HP)]


Message History

There is an open door here.
You hit the small abomination.
Your weapon exudes an aura of protection.
The small abomination is lightly damaged.
The small abomination hits you but does no damage.
You closely miss the small abomination.
The small abomination is lightly damaged.
The small abomination hits you.
The small abomination completely misses you.
You hit the small abomination.
The small abomination is moderately damaged.
The small abomination hits you but does no damage.
The small abomination misses you.
You sock the small abomination!
The small abomination is severely damaged.
The small abomination hits you.
You sock the small abomination!
You destroy the small abomination!
Kikubaaqudgha accepts your kill.
There is a gateway leading deeper into the Abyss here.
A worldbinder comes into view.
A small abomination comes into view.
The worldbinder calls forth creatures from the Vaults!
A wretched star comes into view.
The white very ugly thing engulfs you!!
A demonic guardian appears!
The white very ugly thing freezes you!!!
Ouch! That really hurt!
* * * LOW HITPOINT WARNING * * *
The worldbinder hits your white imp! The worldbinder hits your white imp.
Your white imp dies!
Your white imp disappears in a puff of smoke!
The wretched star pulses with an eldritch light!
You feel frail. x2
The white very ugly thing attacks as it pursues you!
The white very ugly thing engulfs you.
* * * LOW HITPOINT WARNING * * *
The white very ugly thing freezes you!!!
Ouch! That really hurt!
You die...
Kikubaaqudgha rasps: "You have failed me!
Welcome... death!"

....#...# #.....#
#########'#.#
....x........#
.............##
.....#........####.
.............*.....#
............## #.###
......#ยง@...# #
...#.Oxu....#
............#
.....#.p....#
............#
....#.......# ...
........# ..
.........# #
###########


You could see a white very ugly thing (summoned), an ironbound thunderhulk
(summoned), a wretched star, a vault sentinel (summoned), a worldbinder and a
small abomination.

Vanquished Creatures
  Erica (D:8)
  A two-headed ogre (D:8)
  Maurice (D:7)
  Maggie (D:7)
  A wyvern (D:8)
  An orc warrior (D:6)
  A sky beast (D:7)
  A black bear (D:4)
  An ice beast (D:4)
  A small abomination (Abyss:1)
  A crocodile (Sewer)
  A bullfrog (D:6)
  A kobold brigand (D:8)
  Blork the orc (D:6)
  3 scorpions
  11 killer bees
  5 bombardier beetles
  4 jellies
  4 hounds
  4 orc priests
  Jessica (D:3)
  A sleepcap (D:5)
  5 iguanas
  6 orc wizards
  5 adders
  A river rat (D:4)
  A shadow imp (D:6)
  A white imp (D:8)
  3 dart slugs
  3 ribbon worms
  25 orcs
  6 endoplasms
  2 giant cockroaches
  10 goblins
  8 hobgoblins
  5 jackals
  6 quokkas
  5 ball pythons
  6 bats
  3 frilled lizards
  11 kobolds
  3 rats (D:3)
162 creatures vanquished.

Vanquished Creatures (collateral kills)
  A white imp (D:7)
  A dart slug (D:4)
  An orc (D:5)
  A giant cockroach (D:4)
4 creatures vanquished.

Grand Total: 166 creatures vanquished

Notes
Turn   | Place    | Note
-------+----------+-------------------------------------------
     0 | D:1      | PaiMei the Demonspawn Necromancer began the quest for the
                  | Orb.
     0 | D:1      | Reached XP level 1. HP: 13/13 MP: 3/3
     6 | D:1      | Noticed a black mamba
     6 | D:1      | Noticed a polar bear
     6 | D:1      | Noticed a swamp worm
     7 | D:1      | Noticed a komodo dragon
     7 | D:1      | Noticed a redback
   289 | D:1      | Gained mutation: A weak demonic guardian rushes to your
                  | aid. [demonic ancestry]
   289 | D:1      | Reached XP level 2. HP: 18/19 MP: 0/5
  1192 | D:2      | Gained mutation: You regenerate a little health from kills.
                  | [demonic ancestry]
  1192 | D:2      | Reached XP level 3. HP: 25/25 MP: 0/6
  1196 | D:2      | Learned a level 3 spell: Vampiric Draining
  1409 | D:2      | Reached skill level 1 in Fighting
  1914 | D:3      | Noticed Jessica
  1918 | D:3      | Killed Jessica
  1919 | D:3      | Reached XP level 4. HP: 32/32 MP: 3/7
  2012 | D:3      | Found a faded altar of an unknown god.
  2146 | D:3      | Reached skill level 5 in Necromancy
  2150 | D:3      | Found Plog's Vocational Training.
  2232 | D:3      | Noticed Grinder
  2423 | D:3      | Identified the +3 hammer of Wavoxe {chaos, *Slow rElec rF+
                  | rC+ Str+3}
  2548 | D:3      | Found a runed translucent door.
  2549 | D:3      | Noticed Crazy Yiuf
  2909 | D:4      | Gained mutation: You have a pair of small antennae on your
                  | head. [demonic ancestry]
  2909 | D:4      | Reached XP level 5. HP: 38/38 MP: 5/9
  3211 | D:4      | Gained mutation: You regenerate health from kills. [demonic
                  | ancestry]
  3211 | D:4      | Reached XP level 6. HP: 27/46 MP: 1/10
  3345 | D:4      | Found a glowing drain.
  3354 | Sewer    | Entered a sewer
  4094 | D:4      | Reached skill level 6 in Necromancy
  4094 | D:4      | Reached XP level 7. HP: 44/52 MP: 11/12
  4349 | D:4      | Found a staircase to the Ecumenical Temple.
  4361 | Temple   | Entered the Ecumenical Temple
  4377 | Temple   | Became a worshipper of Kikubaaqudgha
  4446 | D:5      | Entered Level 5 of the Dungeon
  5103 | D:5      | Identified the +0 ring mail "Yhokkoor" {+Inv}
  5614 | D:6      | Noticed Blork the orc
  5619 | D:6      | Killed Blork the orc
  5620 | D:6      | Reached XP level 8. HP: 60/60 MP: 14/14
  5744 | D:6      | Reached * piety under Kikubaaqudgha
  5744 | D:6      | Received a gift from Kikubaaqudgha
  6016 | D:6      | Reached skill level 7 in Necromancy
  6208 | D:6      | Reached skill level 5 in Spellcasting
  6217 | D:6      | Reached skill level 5 in Dodging
  6246 | D:6      | Reached skill level 5 in Fighting
  6408 | D:6      | Found the +7 staff of the Meek {protect, meekguard}
  7213 | D:7      | Noticed Menkaure
  7331 | D:6      | Learned a level 4 spell: Animate Dead
  7431 | D:7      | Noticed Maggie
  7438 | D:7      | Killed Maggie
  8160 | D:8      | Noticed Psyche
  8160 | D:8      | Noticed Erica
  8203 | D:8      | Reached XP level 9. HP: 69/69 MP: 17/17
  8320 | D:8      | Noticed Maurice
  8328 | D:7      | Maurice stole 357 gold
  8338 | D:7      | Maurice stole the +3 hammer of Wavoxe {chaos, *Slow rElec
                  | rF+ rC+ Str+3}
  8339 | D:7      | Killed Maurice
  8340 | D:7      | Reached skill level 8 in Necromancy
  9049 | D:8      | Noticed Joseph
  9148 | D:8      | Noticed a two-headed ogre
  9174 | D:8      | Killed a two-headed ogre
  9175 | D:8      | Reached skill level 9 in Necromancy
  9296 | D:8      | Killed Erica
  9297 | D:8      | Reached XP level 10. HP: 14/79 MP: 5/20
  9567 | Abyss:1  | Found a corrupted altar of Lugonu.
  9567 | Abyss:1  | Cast into level 1 of the Abyss (Psyche)
  9614 | Abyss:1  | Noticed a tentacled starspawn
  9653 | Abyss:1  | Noticed a worldbinder
  9656 | Abyss:1  | Noticed a vault sentinel
  9656 | Abyss:1  | Noticed a white very ugly thing
  9656 | Abyss:1  | Noticed an ironbound thunderhulk
  9656 | Abyss:1  | Noticed a wretched star
  9657 | Abyss:1  | Annihilated by a white very ugly thing

Illustrated notes

Levels and vault maps discovered:
D:1:      onia_arrival_zoo_common, layout_basic
D:2:      layout_basic, moated_statue, minmay_stone_trees_small,
          ebering_dispersal_statue_hall
D:3:      layout_loops_ring, shapermc_ecumenical_altar_totnotflames,
          minivault_4, nicolae_shop_vocational, uniq_jessica, uniq_grinder,
          uniq_crazy_yiuf_cottage
D:4:      black_bear_nest_1, layout_cave_pools, minmay_temple_entry_hall,
          mainiacjoe_sewer_entry_somewhere_in_here_1
D:5:      layout_gridville, nicolae_elyvilon_temple_path
D:6:      layout_loops_corners, pf_guarded_unrand_meek, uniq_blork_the_orc
D:7:      layout_loops_ring, uniq_menkaure, uniq_maggie
D:8:      layout_cave_pools, mainiacjoe_overflow_big_doors, minivault_1,
          uniq_maurice, uniq_joseph, uniq_psyche, uniq_erica
Temple:   eino_temple_water
Abyss:1:  base: D:2, evilmike_abyss_exit_16

Skill      XL: |  1  2  3  4  5  6  7  8  9 |
---------------+----------------------------+-----
Stealth        | 2 |  2.0
Dodging        | 2 3 4 5 7 |  7.0
Fighting       | 1 2 3 4 5 7 |  7.2
Necromancy     | 5 6 7 9 |  9.3
Spellcasting   | 3 4 5 7 |  7.0

Action                     |  1- 3 |  4- 6 |  7- 9 | 10-12 || total
---------------------------+-------+-------+-------+-------++-------
  Melee: Unarmed           |    10 |       |       |       ||    10
         Club              |     1 |       |       |       ||     1
         Short sword       |    13 |       |       |       ||    13
         Mace              |       |    22 |    52 |       ||    74
         Quarterstaff      |       |       |    29 |     5 ||    34
         Punch             |       |       |     1 |       ||     1
   Cast: Necrotise         |    62 |    85 |   100 |       ||   247
         Vampiric Draining |       |    13 |    89 |       ||   102
         Animate Dead      |       |       |     2 |     1 ||     3
   Stab: Petrified         |       |     2 |       |       ||     2
         Paralysed         |       |     1 |       |       ||     1
 Armour: Robe              |    14 |    46 |    16 |       ||    76
         Ring mail         |       |       |   119 |    10 ||   129
  Dodge: Dodged            |    16 |    35 |    95 |     2 ||   148
